[Event "21st RLP-Seniors Open 2024"]
[Site "Altenkirchen Ww"]
[Date "2024.09.04"]
[Round "2.1"]
[White "Fleuch, Hans-Juergen"]
[Black "Boidman, Yuri"]
[Result "0-1"]
[Annotator "RC"]
[ECO "A00"]
[WhiteElo "1969"]
[BlackElo "2245"]
[PlyCount "112"]
[EventDate "2024.09.02"]
[EventType "swiss"]
[EventCountry "GER"]
[SourceTitle "playchess.com"]
[Source "ChessBase"]
[SourceQuality "1"]
[TimeControl "40/5400+30:1800+30"]

1. e4 d5 2. Nc3 d4 3. Nce2 e5 4. Ng3 Be6 5. d3 c5 6. Be2 g6 7. Bg4 Bxg4 8. Qxg4 h5 9. Qd1 h4 10. Nf1 Bh6 11. Nd2 Nc6 12. Nb3 Bxc1 13. Qxc1 g5 14. Qd2 b6 15. Ne2 f6 16. O-O-O a5 17. Kb1 a4 18. Nbc1 Nge7 19. g3 Qd7 20. f4 g4 21. gxh4 O-O-O 22. f5 Rxh4 23. Ng3 Rdh8 24. Qg2 Kc7 25. Rdg1 Nc8 26. Qe2 Qh7 27. Nf1 Rg8 28. Rg3 Nd6 29. Rhg1 Qh5 30. c4 dxc3 31. bxc3 b5 32. Qd1 Ne7 33. Qe2 c4 34. R1g2 Qf7 35. Qe3 Nc6 36. Qe2 cxd3 37. Qxd3 Qc4 38. Nd2 Qc5 39. Qe3 Qxe3 40. Rxe3 Na5 41. Nd3 Rgh8 42. Nb4 Rxh2 43. Reg3 Rxg2 44. Rxg2 Rh1+ 45. Kc2 Nac4 46. Nd5+ Kc6 47. Nxc4 Nxc4 48. Rxg4 Rh2+ 49. Kc1 Rh1+ 50. Kc2 Kc5 51. Rg2 Ra1 52. Rg6 Rxa2+ 53. Kc1 Re2 54. Nxf6 b4 55. Nd7+ Kb5 56. cxb4 a3 0-1

[Event "21st RLP-Seniors Open 2024"]
[Site "Altenkirchen Ww"]
[Date "2024.09.04"]
[Round "2.2"]
[White "Rooze, Jan"]
[Black "Helmond, Frans"]
[Result "1-0"]
[Annotator "RC"]
[ECO "B28"]
[WhiteElo "2235"]
[BlackElo "1958"]
[PlyCount "95"]
[EventDate "2024.09.02"]
[EventType "swiss"]
[EventCountry "GER"]
[SourceTitle "playchess.com"]
[Source "ChessBase"]
[SourceQuality "1"]
[TimeControl "40/5400+30:1800+30"]

1. e4 c5 2. Nf3 a6 3. c3 d5 4. exd5 Qxd5 5. d4 e6 6. Be2 Nc6 7. O-O Nf6 8. Be3 cxd4 9. Nxd4 Nxd4 10. Bxd4 Be7 11. Bf3 Qd8 12. Nd2 Qc7 13. Qe2 O-O 14. Nc4 Nd7 15. Rad1 Bc5 16. Rfe1 Rb8 17. b4 Bxd4 18. cxd4 b5 19. Na5 Nb6 20. Rc1 Qd6 21. Qe5 Qxe5 22. dxe5 Bd7 23. Red1 Rbc8 24. Bb7 Rxc1 25. Rxc1 Bc8 26. Be4 f5 27. exf6 gxf6 28. Rc6 Nd5 29. Bxd5 exd5 30. Rd6 Re8 31. Kf1 Be6 32. f3 Kf7 33. Nc6 Kg6 34. Nd4 Bc8 35. Rxd5 Re3 36. Rc5 Be6 37. Kf2 Ra3 38. Nxe6 Rxa2+ 39. Kg3 Rb2 40. Nf4+ Kh6 41. Rc6 Rxb4 42. Rxa6 Kg5 43. h4+ Kf5 44. Rxf6+ Kxf6 45. Nd5+ Ke5 46. Nxb4 Kd4 47. Kf4 Kc4 48. Na6 1-0

[Event "21st RLP-Seniors Open 2024"]
[Site "Altenkirchen Ww"]
[Date "2024.09.04"]
[Round "2.3"]
[White "Paus, Franz"]
[Black "Meyer, Armin"]
[Result "0-1"]
[Annotator "TA"]
[ECO "A41"]
[WhiteElo "1968"]
[BlackElo "2195"]
[PlyCount "150"]
[EventDate "2024.09.02"]
[EventType "swiss"]
[EventCountry "GER"]
[SourceTitle "playchess.com"]
[Source "ChessBase"]
[SourceQuality "1"]
[TimeControl "40/5400+30:1800+30"]

1. d4 d6 2. c4 e5 3. dxe5 dxe5 4. Qxd8+ Kxd8 5. a3 Be6 6. e4 Nf6 7. Bg5 h6 8. Bxf6+ gxf6 9. Nc3 c6 10. Nf3 a5 11. Be2 Nd7 12. O-O a4 13. Rac1 Bc5 14. Rfd1 Ke7 15. h3 Rhg8 16. Kf1 $1 Bb6 17. Nh4 (17. Nd5+ $5 cxd5 18. cxd5 $11) 17... Bd4 18. Nf3 (18. Nd5+ $15 cxd5 19. cxd5) 18... Bxc3 19. Rxc3 Nc5 20. Re3 Rad8 21. Rxd8 Rxd8 22. Ke1 Nb3 23. Rc3 Rg8 24. Bf1 Rd8 25. Be2 Rd7 26. h4 (26. c5 $11) 26... Kd6 27. Bd1 Nc5 28. Bc2 Kc7 29. Nd2 Rd4 30. Ke2 Bg4+ 31. Ke3 Bc8 32. Nf3 Rd8 33. Ne1 Rd4 34. Nf3 Rd6 35. Ne1 Be6 36. Nd3 Nxd3 37. Bxd3 (37. Rxd3 $14 Bxc4 38. Rxd6 Kxd6 39. Bxa4) 37... c5 $11 38. Bc2 Rb6 39. Bxa4 Rxb2 40. Bc2 Bd7 41. g3 Rb6 42. Rd3 Ra6 43. Rc3 Rd6 44. Bd3 Rd4 45. f3 Be6 46. g4 Rd8 47. h5 Ra8 48. Kd2 Rd8 49. Ke3 Rd4 50. Ke2 Bd7 51. Rc1 Ba4 52. Rc3 Kc6 53. Ke3 b5 54. cxb5+ Bxb5 55. Bc2 {[%emt 0:08:51] [#]} (55. Bxb5+ $11 {remains equal.} Kxb5 56. Rb3+ Ka4 57. Rb6) 55... Kb6 (55... c4 $1 $17) 56. Bb3 (56. Rb3 $15) 56... c4 $17 57. Bc2 Kc5 58. Ke2 Rd7 59. Ke3 Rd8 60. Bb3 Ra8 61. Bc2 Ra7 62. Bd3 Ra8 (62... Rb7 $17) 63. Be2 ({White should play} 63. Bc2 $11) 63... Rd8 64. Rc2 Rd7 65. Rc3 Rd4 66. Rc1 Ba4 67. Rc3 Bb3 68. Rc1 Kb5 69. Ra1 $2 (69. f4 $1 $11 {and White is okay.}) 69... Ka4 $19 70. Bf1 $2 (70. f4) 70... Bc2 $19 (70... c3 71. Bd3 Rd8 72. Rc1 $11) 71. Be2 Kb3 72. Rg1 c3 73. a4 Rxa4 74. Bd1 Bxd1 75. Rxd1 c2 0-1

[Event "21st RLP-Seniors Open 2024"]
[Site "Altenkirchen Ww"]
[Date "2024.09.04"]
[Round "2.4"]
[White "Heck, Norbert"]
[Black "Kalepky, Helmut"]
[Result "1-0"]
[Annotator "TA"]
[ECO "A93"]
[WhiteElo "2112"]
[BlackElo "1947"]
[PlyCount "85"]
[EventDate "2024.09.02"]
[EventType "swiss"]
[EventCountry "GER"]
[SourceTitle "playchess.com"]
[Source "ChessBase"]
[SourceQuality "1"]
[TimeControl "40/5400+30:1800+30"]

1. Nf3 f5 2. d4 e6 3. g3 Nf6 4. Bg2 Be7 5. O-O O-O 6. c4 c6 7. b3 d5 8. Bb2 Ne4 9. Nbd2 Nxd2 10. Qxd2 Nd7 11. Qc2 {[%emt 0:00:27] White is slightly better.} Bd6 12. e3 Qf6 13. Rac1 g5 14. a3 ({White should play} 14. h3 $16) 14... Rf7 15. b4 (15. h3 $14) 15... g4 $11 16. Nd2 Nf8 ({Black should try} 16... h5 $11) 17. b5 (17. f3 $14) 17... Bd7 18. a4 h5 19. Qb3 Rd8 20. Ba3 Bxa3 21. Qxa3 Be8 22. bxc6 bxc6 (22... Bxc6 $11 23. cxd5 exd5) 23. Rb1 Rc7 24. Rfc1 Rdc8 25. a5 Qd8 (25... Kf7 $142) 26. a6 $16 {[%emt 0:00:27] White is more active.} Bf7 {[%emt 0:02:54] This costs Black the game.} (26... Qd7 $16 27. Nb3 h4 28. gxh4 Ng6 29. cxd5 (29. Nc5 Qe7 $18) 29... exd5) 27. Rb7 $18 Rb8 28. Rcb1 Rcxb7 (28... Rbxb7 29. Rxb7 (29. axb7 Qb8 $18) 29... Qc8) 29. axb7 (29. Rxb7 $142 Ra8 30. Qc5) 29... a5 30. cxd5 exd5 {[%emt 0:01:09] [#]} 31. Bf1 $1 Ne6 (31... Bg6 {was worth a try.} 32. Rb2 Ne6) 32. Ba6 Qc7 33. Nb3 c5 $2 (33... a4 {keeps fighting.}) 34. Qxa5 cxd4 $2 (34... c4 35. Qxc7 Nxc7) 35. Rc1 Qd6 36. Rc8+ Kg7 37. Nxd4 Nxd4 38. exd4 {[%emt 0:00:00] [#] Rxb8 would now be deadly.} Kf6 39. Qc7 (39. Rxb8 $142 Qxb8 40. Qc5) 39... Qxa6 40. Qe5+ {[%emt 0:00:00] White mates.} Kg6 41. Rxb8 Qd3 42. Qe3 Qb5 43. Rh8 {[%emt 0:00:00] Weighted Error Value: White=0.27 (precise) /Black=0.65.  Mistake:       	White=4     	Black=8      Inaccurate:     	White=3     	Black=4      OK:         	White=9     	Black=6      Best:        	White=2     	Black=1} 1-0

[Event "21st RLP-Seniors Open 2024"]
[Site "Altenkirchen Ww"]
[Date "2024.09.04"]
[Round "2.5"]
[White "Geyer, Bernhard"]
[Black "Hiller, Joachim"]
[Result "1-0"]
[Annotator "RC"]
[ECO "C26"]
[WhiteElo "2096"]
[BlackElo "1931"]
[PlyCount "53"]
[EventDate "2024.09.02"]
[EventType "swiss"]
[EventCountry "GER"]
[SourceTitle "playchess.com"]
[Source "ChessBase"]
[SourceQuality "1"]
[TimeControl "40/5400+30:1800+30"]

1. e4 e5 2. Nc3 Nf6 3. g3 Bc5 4. Bg2 O-O 5. Nge2 Nc6 6. O-O Re8 7. d3 a6 8. h3 Nd4 9. Kh2 h6 10. Ng1 c6 11. f4 d6 12. Nf3 Nxf3+ 13. Qxf3 Kh7 14. g4 exf4 15. Bxf4 Ng8 16. g5 Be6 17. Ne2 hxg5 18. Qh5+ Nh6 19. Bxg5 f6 20. Bxh6 gxh6 21. Nf4 Qe7 22. Qg6+ Kh8 23. Qxh6+ Kg8 24. Nh5 Bd4 25. Nxf6+ Bxf6 26. Rxf6 Bf7 27. Bf3 1-0

[Event "21st RLP-Seniors Open 2024"]
[Site "Altenkirchen Ww"]
[Date "2024.09.04"]
[Round "2.6"]
[White "Richter, Gerald"]
[Black "Siebenhaar, Erich"]
[Result "1/2-1/2"]
[Annotator "TA"]
[ECO "A84"]
[WhiteElo "1955"]
[BlackElo "2087"]
[PlyCount "107"]
[EventDate "2024.09.02"]
[EventType "swiss"]
[EventCountry "GER"]
[SourceTitle "playchess.com"]
[Source "ChessBase"]
[SourceQuality "1"]
[TimeControl "40/5400+30:1800+30"]

1. d4 e6 2. Nf3 b6 3. g3 Bb7 4. Bg2 f5 5. O-O Nf6 6. c4 Be7 7. Nc3 O-O 8. d5 Na6 9. Bf4 Nh5 10. d6 cxd6 11. Bxd6 {[%emt 0:00:12] White is slightly better.} Nf6 12. Ne5 Bxg2 13. Kxg2 Nc5 14. f3 Nb7 15. Bxe7 Qxe7 16. Qd4 Rac8 17. Rad1 d6 18. Nd3 e5 $36 {[%emt 0:00:25][%mdl 2048] Black has the initiative.} 19. Nd5 Qf7 20. Nxf6+ gxf6 21. Qd5 (21. Qe3 $11 {keeps the balance.}) 21... Rxc4 $17 22. Qxf7+ Kxf7 23. Rd2 Rfc8 24. Rfd1 Ke6 25. Kf2 a5 26. Ke1 Rc2 27. b3 h5 28. Nb2 Rxd2 ({Don't do} 28... b5 29. Rxc2 Rxc2 30. Rb1 $17) 29. Kxd2 $19 {[%emt 0:00:36][%mdl 4096] Endgame. KRN-KRN} b5 30. Nd3 Nc5 31. Rc1 Kd7 32. Rg1 (32. Ne1 $17 {was forced.}) 32... Ne6 33. e3 Rg8 34. Ke2 h4 35. f4 hxg3 36. hxg3 Nc5 37. Nxc5+ dxc5 {[%emt 0:00:01] KR-KR} 38. Kf3 $2 (38. fxe5 $17 {was called for.} fxe5 39. Rc1) 38... Ke6 39. Rd1 Rc8 (39... e4+ $142 40. Kg2 Rh8) 40. Rg1 $2 (40. fxe5 {is more resistant.} fxe5 41. e4) 40... c4 {[%emt 0:00:00] [#] ...e4+ would now be deadly.} 41. bxc4 $2 (41. fxe5 fxe5 42. e4) 41... Rxc4 (41... e4+ $142 42. Kg2 Rxc4 (42... bxc4 $2 43. Rd1 $19)) 42. g4 $2 (42. fxe5 fxe5 43. a3) 42... e4+ 43. Kg3 Rc2 44. gxf5+ Kxf5 45. Rh1 Kg6 {[%emt 0:00:00] Dodges Rh5} ({Stronger than} 45... Rxa2 46. Rh5+ Ke6 47. Rxb5 $11) 46. Rb1 b4 ({Not} 46... Rxa2 47. Rxb5 Ra1 48. Kg4 $11) 47. a3 bxa3 {[%emt 0:00:00] [#] And now ...a2 would win.} 48. Rb5 Re2 49. Rxa5 Rxe3+ 50. Kg4 Rf3 {[%emt 0:00:00][%cal Of6f5] White must now prevent ...f5+!} 51. f5+ Kf7 52. Ra4 Rf1 $2 ({Better is} 52... Rc3 $19 {...e3 is the strong threat.} 53. Ra6 Ke7 54. Re6+ Kd7) 53. Ra7+ Ke8 54. Rxa3 {[%emt 0:00:17] Weighted Error Value: White=0.77/Black=0.44.  Loses game:     	White=1     	---        Mistake:       	White=5     	Black=2      Inaccurate:     	White=3     	Black=2      OK:         	White=7     	Black=18     Best:        	White=1     	Black=1} 1/2-1/2

[Event "21st RLP-Seniors Open 2024"]
[Site "Altenkirchen Ww"]
[Date "2024.09.04"]
[Round "2.7"]
[White "Krueger, Erich"]
[Black "Buchaeckert, Juergen"]
[Result "1/2-1/2"]
[Annotator "TA"]
[ECO "D94"]
[WhiteElo "2085"]
[BlackElo "1910"]
[PlyCount "36"]
[EventDate "2024.09.02"]
[EventType "swiss"]
[EventCountry "GER"]
[SourceTitle "playchess.com"]
[Source "ChessBase"]
[SourceQuality "1"]
[TimeControl "40/5400+30:1800+30"]

1. d4 Nf6 2. c4 g6 3. Nc3 d5 4. Nf3 Bg7 5. e3 O-O 6. cxd5 Nxd5 7. Bc4 Nb6 8. Bb3 c5 9. O-O cxd4 10. exd4 Nc6 11. Be3 Na5 12. Ne5 Nxb3 {[%emt 0:00:00] Black is slightly better.} 13. Qxb3 Be6 14. Qc2 Rc8 15. Qe4 Nd5 16. Nxd5 Qxd5 17. Qxd5 Bxd5 18. Rfc1 h5 {[%emt 0:00:00] Weighted Error Value: White=0.09 (flawless) /Black=0.00 (flawless) .  Inaccurate:     	White=1     	---        OK:         	White=1     	Black=4} 1/2-1/2

[Event "21st RLP-Seniors Open 2024"]
[Site "Altenkirchen Ww"]
[Date "2024.09.04"]
[Round "2.8"]
[White "Haertner, Helmut"]
[Black "Mueller, Erich"]
[Result "0-1"]
[Annotator "TA"]
[ECO "A41"]
[WhiteElo "1924"]
[BlackElo "2081"]
[PlyCount "70"]
[EventDate "2024.09.02"]
[EventType "swiss"]
[EventCountry "GER"]
[SourceTitle "playchess.com"]
[Source "ChessBase"]
[SourceQuality "1"]
[TimeControl "40/5400+30:1800+30"]

1. d4 d6 2. c4 e5 3. d5 f5 4. Nc3 Nf6 5. g3 Be7 6. Bg2 O-O 7. Nh3 a5 8. O-O {[%emt 0:00:48] The position is equal.} Nbd7 9. f3 Nc5 10. Nf2 Qe8 11. Be3 Na6 12. a3 Bd7 13. b3 Qh5 14. Qd2 b6 15. Rfb1 Nc5 16. Qc2 {[%emt 0:01:17] [#]} f4 $1 {[%emt 0:12:35] Black is more active.} 17. Bxc5 (17. g4 Qh4) 17... fxg3 18. hxg3 bxc5 19. Re1 Qe8 $2 (19... Rab8 $17 20. Ra2 Bf5) 20. Nfe4 $2 (20. Bh3 $14 {keeps the upper hand.}) 20... Nxe4 $17 21. Nxe4 Qg6 22. Rf1 Bf5 23. Qd3 Bg5 24. Rfd1 Qh6 25. Kf2 {[%emt 0:01:20] Repels Be3+} Rab8 26. Rab1 {[%emt 0:01:44] [#]} Qg6 $1 27. Kg1 {[%emt 0:01:29] [#]} h5 $1 28. Rf1 Bh6 ({Black should try} 28... Qh6 $19 {...h4 would now be deadly.} 29. Kh2 h4) 29. Kh1 h4 30. g4 Bxe4 31. Qxe4 {[%emt 0:03:33] This costs White the game.} (31. fxe4 $17 {was the only defense.} Qg5 (31... Qxg4 32. Bh3 $17) 32. Bh3) 31... Qxe4 $19 32. fxe4 Rxf1+ 33. Bxf1 Bd2 {[%emt 0:00:23] aiming for ...a4.} 34. Bg2 $2 (34. a4 {is a better chance.}) 34... a4 35. Rd1 {[%emt 0:01:18] [#]} axb3 $1 {[%emt 0:00:11] Weighted Error Value: White=0.49/Black=0.20 (precise) .  Loses game:     	White=1     	---        Mistake:       	White=2     	Black=2      Inaccurate:     	White=4     	Black=1      OK:         	White=5     	Black=14     Best:        	White=1     	Black=2      Strong:       	---       	Black=1} 0-1

[Event "21st RLP-Seniors Open 2024"]
[Site "Altenkirchen Ww"]
[Date "2024.09.04"]
[Round "2.9"]
[White "Meyer, Dieter"]
[Black "Cichy, Michael"]
[Result "1/2-1/2"]
[Annotator "NA RC"]
[ECO "A34"]
[WhiteElo "1917"]
[BlackElo "2058"]
[PlyCount "70"]
[EventDate "2024.09.02"]
[EventType "swiss"]
[EventCountry "GER"]
[SourceTitle "playchess.com"]
[Source "ChessBase"]
[SourceQuality "1"]
[TimeControl "40/5400+30:1800+30"]

1. c4 Nf6 2. g3 e6 3. Bg2 c5 4. Nc3 d5 5. d3 d4 6. Ne4 {[%emt 0:00:15] A34: Symmetrical English: 2 Nc3, lines with ...d5.} Nxe4 7. Bxe4 Bd6 8. e3 Nc6 9. a3 Bd7 10. Bd2 O-O 11. exd4 Nxd4 12. b4 (12. Ne2 $1 $11 {remains equal.}) 12... Qc7 (12... Qe8 $17 13. b5 a6) 13. Nh3 f5 14. Bg2 Rae8 15. O-O e5 16. Rb1 {[%emt 0:02:37] [#]} (16. Bc3 $11) 16... Bc6 (16... f4 $1 $17 17. Bd5+ Be6 18. Bxe6+ Rxe6 (18... Nxe6 19. Bc3 $15)) 17. f3 ({White should play} 17. Be3 $15) 17... b6 18. Bc3 h6 19. Rb2 Re7 20. Bxd4 exd4 21. b5 Bb7 $15 22. Re1 Rfe8 23. Rbe2 g5 24. Qd2 Rxe2 25. Rxe2 Rxe2 26. Qxe2 Qe7 27. Qxe7 Bxe7 28. f4 Bc8 29. Bd5+ Kg7 30. Kg2 Kf6 31. Ng1 Bd6 32. Ne2 Bd7 33. a4 Be8 34. Bf3 Bf7 35. Kf2 Be8 1/2-1/2